 Dungeon Crawl Stone Soup version 0.25.1-2-g60ff931df9 (webtiles) character file.

Game seed: 17713534119194702727

2876 MajorAdolf the Covert (level 9, -4/81 HPs)
             Began as a Naga Wanderer on Oct 8, 2020.
             Was an Initiate of Gozag.
             Slain by a wyvern (15 damage)
             ... on level 8 of the Dungeon.
             The game lasted 00:18:22 (12488 turns).

MajorAdolf the Covert (Naga Wanderer)              Turns: 12488, Time: 00:18:23

Health: -4/81      AC:  9    Str: 15    XL:     9   Next: 76%
Magic:  0/12       EV:  8    Int: 14    God:    Gozag
Gold:   138        SH:  9    Dex: 12    Spells: 12/12 levels left

rFire    + . .     SeeInvis +   q - +1 hand axe
rCold    . . .     Gourm    .   C - +0 kite shield
rNeg     + . .     Faith    .   w - +0 robe {rF+}
rPois    +         Spirit   +   a - +2 hat
rElec    .         Reflect  .   y - +2 cloak
rCorr    .         Harm     .   (no gloves)
MR       +....                  (no barding)
Stlth    +++++.....             k - amulet of guardian spirit
HPRegen  0.23/turn              m - ring of flight
MPRegen  0.13/turn              x - ring of positive energy

@: about to teleport, very slow
A: large, see invisible, deformed body, poison resistance, slowness 2, slow
metabolism 1, spit poison 1, AC +3
a: Spit Poison, Potion Petition, Call Merchant, Bribe Branch, Renounce Religion,
Evoke Flight


You were on level 8 of the Dungeon.
You worshipped Gozag.
Gozag was aware of your devotion.
You were not hungry.

You visited 2 branches of the dungeon, and saw 9 of its levels.

You collected 226 gold pieces.
You paid 88 gold pieces to Gozag.

Inventory:

Hand Weapons
 q - a +1 hand axe (weapon)
Armour
 a - a +2 hat (worn)
 i - a +1 scale mail of fire resistance
 w - a +0 robe of fire resistance (worn)
 y - a +2 cloak (worn)
 C - a +0 kite shield (worn)
Jewellery
 k - an amulet of guardian spirit (around neck)
 m - a ring of flight (left hand)
 v - a cursed +4 ring of evasion {unknown}
 x - a ring of positive energy (right hand)
Wands
 l - a wand of polymorph (1)
 n - a wand of digging (11)
 B - a wand of flame (26)
Scrolls
 c - a scroll of silence {unknown}
 e - a scroll of remove curse
 g - 2 scrolls of teleportation
 h - a scroll of identify
 s - 3 scrolls of enchant weapon
 t - 3 scrolls of noise {unknown}
 z - a scroll of holy word {unknown}
Potions
 b - a potion of curing
 d - 2 potions of cancellation {unknown}
 j - 4 potions of haste
 o - a potion of resistance
 p - 3 potions of stabbing
 r - 2 potions of might {unknown}
 u - a potion of brilliance {unknown}
Comestibles
 f - 5 rations


   Skills:
 + Level 5.3 Fighting
 + Level 7.5 Axes
 - Level 1.0 Dodging
 + Level 11.9 Stealth
 + Level 4.5 Shields
 - Level 2.0 Spellcasting
   Level 1.0 Charms
   Level 2.0 Ice Magic


You had 12 spell levels left.
You didn't know any spells.
Your spell library contained the following spells:

 Spells                   Type           Power        Failure   Level  Hunger
 Corona                   Hex            #......      52%         1    ##.....
 Ensorcelled Hibernation  Hex/Ice        #.....       52%         2    ###....
 Confusing Touch          Hex            #.......     88%         3    ####...
 Dazzling Flash           Conj/Hex       #.....       88%         3    ####...
 Tukima's Dance           Hex            #.......     88%         3    ####...


Dungeon Overview and Level Annotations

Branches:
Dungeon (8/15)             Temple (1/1) D:5
   Lair: D:8-11

Altars:
Ashenzari
Cheibriados
Dithmenos
Elyvilon
Fedhas
Gozag
Hepliaklqana
Kikubaaqudgha
Makhleb
Nemelex Xobeh
Okawaru
Qazlal
Ru
Sif Muna
Trog
Vehumet
Wu Jian
Xom
Yredelemnul
The Shining One

Annotations:
D:4 1 runed translucent door, sixsigma's ghost, amateur MiMo
D:5 1 runed translucent door, sixsigma's ghost, novice MiMo


Innate Abilities, Weirdness & Mutations

You cannot wear boots.
Your serpentine skin is tough. (AC +3)
You have supernaturally acute eyesight. (SInv)
Armour fits poorly on your strangely shaped body.
Your system is resistant to poisons. (rPois)
You cover ground very slowly.
You have a slow metabolism.
You can spit poison.


Message History

The bullfrog hits you but does no damage.
The wyvern completely misses you.
You barely miss the bullfrog.
The bullfrog is heavily wounded.
You hit the wyvern but do no damage. The bullfrog closely misses you.
The wyvern bites you!
* * * LOW HITPOINT WARNING * * *
Unknown command.
Okay, then.
As you read the scroll of teleportation, it crumbles to dust.
You feel strangely unstable.
The bullfrog snags a nearby fly with its tongue.
The bullfrog closely misses you. The wyvern bites you.
* * * LOW HITPOINT WARNING * * *
You block the bullfrog's attack. You block the wyvern's attack.
The bullfrog hits you.
* * * LOW HITPOINT WARNING * * *
The wyvern bites you!
You die...
Your body crumbles into a pile of gold.

[.....o.....### ..
.###........# ... ..#
#.....l$...# .[.
#.####.#.......$# #..
#.##...#........# .
##.##.##.###.........#
..#......$$#
#..........#
........$l##
##########(.
.........F@### .
.............######.
....................
...........#.#######
...........#.#
.#........##.#
#..........#..
#..............
#.........(#....


You could see a wyvern and a bullfrog.

Vanquished Creatures
  Maggie (D:7)
  Prince Ribbit (D:5)
  A hippogriff (D:7)
  Grinder (D:5)
  A fire bat (D:7)
  A porcupine (D:7)
  A sky beast (D:8)
  2 ice beasts
  2 necrophages
  3 centaurs
  A big kobold (D:7)
  Blork the orc (D:4)
  2 bullfrogs
  A scorpion (D:6)
  A howler monkey (D:2)
  A hound (D:7)
  A bullfrog skeleton (D:8)
  A jelly (D:6)
  An orc priest (D:7)
  6 orc wizards
  2 iguanas
  3 worker ants
  A hound skeleton (D:4)
  A howler monkey skeleton (D:4)
  12 adders
  3 gnolls (D:5)
  A shadow imp (D:6)
  An adder zombie (D:8)
  3 adder skeletons (D:6)
  2 worms
  2 dart slugs (D:1)
  3 leopard geckos
  18 orcs
  7 bats
  6 giant cockroaches
  8 hobgoblins
  3 quokkas
  A ball python (D:3)
  7 frilled lizards
  13 goblins
  8 kobolds
  A leopard gecko zombie (D:6)
  7 rats
143 creatures vanquished.

Vanquished Creatures (others)
  A bullfrog skeleton (D:8)
1 creature vanquished.

Grand Total: 144 creatures vanquished

Notes
Turn   | Place    | Note
-------+----------+-------------------------------------------
     0 | D:1      | MajorAdolf the Naga Wanderer began the quest for the Orb.
     0 | D:1      | MajorAdolf set off with the following items: a +2 spear, a
                  | potion of curing, a +0 buckler, a +0 robe, a ration
     0 | D:1      | Reached XP level 1. HP: 19/19 MP: 3/3
   176 | D:1      | Reached XP level 2. HP: 13/27 MP: 5/5
   792 | D:1      | Reached skill level 1 in Stealth
  1076 | D:1      | Reached XP level 3. HP: 33/33 MP: 6/6
  1705 | D:2      | Reached skill level 2 in Stealth
  2269 | D:2      | Reached skill level 3 in Stealth
  2269 | D:2      | Reached XP level 4. HP: 29/40 MP: 7/7
  2618 | D:3      | Reached skill level 1 in Axes
  2746 | D:2      | Reached skill level 4 in Stealth
  2746 | D:2      | Reached XP level 5. HP: 13/46 MP: 8/8
  4282 | D:4      | Found a glowing golden altar of the Shining One.
  4310 | D:4      | Noticed a phantom
  4625 | D:4      | Reached skill level 5 in Stealth
  4897 | D:4      | Found a runed translucent door.
  4897 | D:4      | Noticed sixsigma's ghost (amateur MiMo)
  4901 | D:4      | Noticed Blork the orc
  4918 | D:5      | Entered Level 5 of the Dungeon
  4921 | D:5      | Noticed Prince Ribbit
  5255 | D:5      | Noticed Grinder
  5318 | D:5      | Reached XP level 6. HP: 49/55 MP: 7/9
  5396 | D:6      | Reached skill level 6 in Stealth
  6118 | D:6      | Noticed a necrophage
  6132 | D:5      | Reached skill level 7 in Stealth
  6226 | D:5      | Noticed an ice beast
  6267 | D:6      | Killed a necrophage
  6267 | D:6      | Reached XP level 7. HP: 48/60 MP: 7/10
  6755 | D:6      | Reached skill level 8 in Stealth
  7260 | D:6      | Reached skill level 5 in Axes
  7640 | D:7      | Noticed Maggie
  7679 | D:7      | Killed Maggie
  7679 | D:7      | Reached skill level 9 in Stealth
  7679 | D:7      | Reached XP level 8. HP: 16/68 MP: 2/11
  8271 | D:7      | Reached skill level 10 in Stealth
  8717 | D:7      | Noticed a hippogriff
  8737 | D:7      | Killed a hippogriff
  9201 | D:7      | Reached XP level 9. HP: 39/78 MP: 9/12
  9413 | D:7      | Reached skill level 11 in Stealth
  9549 | D:7      | Found a hazy altar of Hepliaklqana.
  9659 | D:7      | Found a blossoming altar of Fedhas.
  9660 | D:7      | Found a sacrificial altar of Ru.
 10570 | D:5      | Killed Prince Ribbit
 10575 | D:5      | Found a runed translucent door.
 10576 | D:5      | Noticed sixsigma's ghost (novice MiMo)
 10623 | D:5      | Found an iron altar of Okawaru.
 10668 | D:5      | Found a staircase to the Ecumenical Temple.
 11522 | D:5      | Killed Grinder
 11522 | D:5      | Reached skill level 5 in Fighting
 11619 | Temple   | Entered the Ecumenical Temple
 11776 | Temple   | Became a worshipper of Gozag Ym Sagoz the Greedy
 11841 | D:4      | Killed Blork the orc
 12242 | D:8      | Noticed a two-headed ogre
 12488 | D:8      | Slain by a wyvern

Illustrated notes

Levels and vault maps discovered:
D:1:      minmay_arrival_four_circles, layout_basic
D:2:      layout_loops_corners
D:3:      layout_rooms
D:4:      layout_basic, ebering_ghost_reflecting_pool, st_stairs_14,
          lemuel_altar_in_water, uniq_blork_the_orc
D:5:      layout_basic, kennysheep_okawaru_gauntlet,
          minmay_temple_entry_sparse_star, gammafunk_ghost_grave, first_ration,
          uniq_grinder, uniq_prince_ribbit1
D:6:      layout_cave_pools, nicolae_overflow_hidden_temple
D:7:      layout_loops_ring, lemuel_round_altar,
          gammafunk_temple_overflow_statue, uniq_maggie
D:8:      layout_rooms
Temple:   regret_index_temple_sphere_string

Skill      XL: |  1  2  3  4  5  6  7  8  9 |
---------------+----------------------------+-----
Shields        | 2 3 4 |  4.5
Stealth        | 1 3 4 5 7 9 10 11 | 11.9
Axes           | 1 3 4 5 6 7 |  7.5
Fighting       | 4 5 |  5.3
Dodging        | |  1.0
Spellcasting   | |  2.0
Charms         | |  1.0
Ice Magic      | |  2.0

Action                   |  1- 3 |  4- 6 |  7- 9 || total
-------------------------+-------+-------+-------++-------
Melee: Spear             |    93 |    69 |       ||   162
       Hand axe          |       |    98 |   445 ||   543
Throw: Throwing net      |       |       |     1 ||     1
 Abil: Spit Poison       |     9 |    22 |    16 ||    47
Evoke: Wand              |       |       |     5 ||     5
  Use: Scroll            |       |    12 |     4 ||    16
       Potion            |       |       |     5 ||     5
 Stab: Sleeping          |     4 |     4 |    10 ||    18
       Distracted        |       |     1 |       ||     1
  Eat: Chunk             |     3 |     8 |    10 ||    21
       Ration            |       |     1 |     2 ||     3
Armor: Robe              |    10 |    34 |   140 ||   184
       Skin              |       |       |    37 ||    37
Dodge: Dodged            |    36 |   104 |   142 ||   282
Block: Buckler           |    10 |    35 |    15 ||    60
       Kite shield       |       |       |   159 ||   159
